cohdb
Replays
Latest Replays
All Replays
Popular Replays
Top Player Replays
Match Explorer
How It Works
Community
CoH3 Stats
Reddit
Sign in to upload your games and track your stats! →
Sign in with Steam
Match 45982325
Unlisted
Match 45982325
Overview
Messages
Build Orders
End
Selects Luftwaffe Battlegroup
Selects Luftwaffe Pioneer Support
Fallschirmpioneer Squad Paradrop
Kettenkrad Recon Vehicle
Fallschirmpioneer Squad Paradrop
Construct Infanterie Kompanie
Fallschirmpioneer Squad Paradrop
Construct Luftwaffe Kompanie
Selects Stuka Strafing Run
Stuka Strafing Run
Flak 30 Anti-aircraft Gun Team
MG 42 Machine Gun Team
Selects Flak 38 Anti-Air Emplacement
Alloyzy Klex®
SEPH
leto
7k this year for sure
0
0
Comments
sign in to comment!
No comments posted yet!